 Dungeon Crawl Stone Soup version 0.18-a0-1778-gadce9fa (webtiles) character file.

46 Foomius the Grave Robber (level 3, 0/27 HPs)
             Began as a Demonspawn Necromancer on Apr 16, 2016.
             Slain by Natasha (7 damage)
             ... on level 2 of the Dungeon.
             The game lasted 00:05:57 (1319 turns).

Foomius the Grave Robber (Demonspawn Necromancer)   Turns: 1319, Time: 00:05:57

Health: 0/27       AC:  5    Str:  8    XL:     3   Next: 44%
Magic:  0/6        EV: 12    Int: 17    God:
Gold:   57         SH:  3    Dex: 13    Spells: 2 memorised, 2 levels left

rFire  . . .     SeeInvis .     d - +0 mace
rCold  . . .     Gourm    .     i - +0 robe (curse)
rNeg   . . .     Faith    .     (no shield)
rPois  .         Spirit   .     (no helmet)
rElec  .         Dismiss  .     (no cloak)
rCorr  .         Reflect  .     (no gloves)
SustAt .         Harm     .     (no boots)
MR     .....                    (no amulet)
Stlth  ++........               (no ring)
                                (no ring)

@: very slightly contaminated, not resistant to hostile enchantments, unstealthy
A: large bone plates 2
a: no special abilities


You were on level 2 of the Dungeon.
You were not hungry.

You visited 1 branch of the dungeon, and saw 3 of its levels.

You collected 57 gold pieces.

Inventory:

Hand Weapons
 d - a +0 mace (weapon)
Missiles
 f - 18 poisoned needles
 g - 8 stones (quivered)
Armour
 h - a cursed +0 ring mail
 i - a cursed +0 robe (worn)
Scrolls
 a - a scroll of blinking {unknown}
 e - a scroll of identify {unknown}
 j - a scroll of remove curse {unknown}
 k - a scroll of enchant armour {unknown}
 n - a scroll of random uselessness {unknown}
Potions
 l - 2 potions of lignification {unknown}
 m - 2 potions of brilliance {unknown}
 o - a potion of invisibility {unknown}
Books
 b - a book of Necromancy

   Spells                             Type                      Level
   a - Pain                           Necromancy                   1
   b - Animate Skeleton               Necromancy                   1
   c - Vampiric Draining              Necromancy                   3
   d - Regeneration                   Charms/Necromancy            3
   e - Animate Dead                   Necromancy                   4
   f - Control Undead                 Necromancy                   4
Comestibles
 c - 2 bread rations
 p - 4 fruits


   Skills:
 + Level 2.0 Fighting
 - Level 1.7 Dodging
 - Level 1.7 Stealth
 - Level 2.0 Spellcasting
 + Level 0.3 Charms
 + Level 5.0 Necromancy


You had 2 spell levels left.
You knew the following spells:

 Your Spells              Type           Power        Failure   Level  Hunger
a - Pain                  Necr           ###.         2%          1    #......
g - Regeneration          Chrm/Necr      ##........   21%         3    ###....


Dungeon Overview and Level Annotations

Branches:
Dungeon (3/15)

Altars:

Annotations:
D:2 Natasha
D:3 Terence


Innate Abilities, Weirdness & Mutations

You are mostly covered in large bone plates (AC +3, SH +3).


Message History

You hit the goblin.
You kill the goblin!
You hit Natasha but do no damage. Natasha completely misses you.
Natasha barely misses you.
You hit Natasha.
Natasha is heavily wounded.
Natasha barely misses you.
You closely miss Natasha.
Natasha is heavily wounded.
Natasha claws you!
* * * LOW HITPOINT WARNING * * *
Natasha casts a spell at you. The magic dart hits you!
Casting: Regeneration
Confirm with . or Enter, or press ? or * to list all spells.
Aiming: Pain
Press: ? - help, Shift-Dir - straight line, f - Natasha
Aim: Natasha (heavily wounded, chance to defeat MR: 78%) Natasha barely resists.
Natasha claws you!
You die...

.......###+# .#.##
............
...###............
...... ##......... .....
#.......... ... #...
#.#.......# ..# #..
.#.#....##.# .. #.#
#.#.......#.# ## #.##@#
#.#.......#.. ...
#..#h####.#........##
...##.#.#.............##
#...................##
#..........##.......##
#....>....##........#
#.......#.##.#.######
#....###.....#.#
#....###..####.#


You could see Natasha.

Vanquished Creatures
  An ooze (D:1)
  2 dart slugs (D:1)
  7 bats (D:1)
  2 giant cockroaches (D:1)
  6 goblins
  4 hobgoblins (D:1)
  3 jackals (D:1)
  3 kobolds (D:1)
  2 ball pythons
  2 giant newts (D:1)
  4 rats
36 creatures vanquished.

Notes
Turn   | Place    | Note
--------------------------------------------------------------
     0 | D:1      | Foomius the Demonspawn Necromancer began the quest for the Orb.
     0 | D:1      | Reached XP level 1. HP: 13/13 MP: 3/3
   165 | D:1      | Reached skill level 1 in Fighting
   456 | D:1      | Gained mutation: You are partially covered in large bone plates (AC +2, SH +2). [demonic ancestry]
   456 | D:1      | Reached XP level 2. HP: 21/21 MP: 5/5
   621 | D:1      | Reached skill level 5 in Necromancy
   659 | D:1      | Gained mutation: You are mostly covered in large bone plates (AC +3, SH +3). [demonic ancestry]
   659 | D:1      | Reached XP level 3. HP: 17/27 MP: 2/6
   967 | D:1      | Learned a level 3 spell: Regeneration
  1299 | D:3      | Noticed Terence
  1301 | D:3      | Noticed Natasha
  1319 | D:2      | Slain by Natasha

Vault maps used:
D:1:      ncdulo_watergridlock, st_stairs_10
D:2:      lemuel_coloured_pillars_altar, uniq_jessica, uniq_robin,
          uniq_crazy_yiuf_cottage
D:3:      grunt_temple_overflow_order_and_chaos_1, first_bread,
          minmay_misc_feat_pillars, uniq_terence, uniq_sigmund, uniq_natasha

Skill      XL: |  1  2  3 |
---------------+----------+-----
Fighting       | 1 2 |  2.0
Necromancy     | 5 |  5.0
Dodging        | |  1.7
Stealth        | |  1.7
Spellcasting   | |  2.0
Charms         | |  0.3

Action                   || total
-------------------------++-------
Melee: Mace              ||    76
Throw: Stone             ||     6
 Cast: Pain              ||    28
 Stab: Sleeping          ||     1
  Eat: Chunk             ||     2
Armor: Robe              ||    31
Dodge: Dodged            ||    81
Block: Other             ||     7
